 Dungeon Crawl Stone Soup version 0.27.1-3-gb3d3a73c9e (webtiles) character file.

Game seed: 10044913327730109445

33 Descartes the Shield-Bearer (level 3, -3/29 HPs)
             Began as a Formicid Fighter on Oct 23, 2021.
             Slain by a gnoll (5 damage)
             ... on level 2 of the Dungeon.
             The game lasted 00:02:02 (1068 turns).

Descartes the Shield-Bearer (Formicid Fighter)      Turns: 1068, Time: 00:02:03

Health: -3/29      AC:  6    Str: 20    XL:     3   Next: 47%
Magic:  3/3        EV:  8    Int:  8    God:
Gold:   44         SH: 10    Dex: 10    Spells: 2/2 levels left

rFire    . . .     SeeInvis +   a - +0 war axe
rCold    . . .     Faith    .   c - +0 kite shield
rNeg     . . .     Spirit   .   b - +0 scale mail
rPois    .         Reflect  .   (helmet unavailable)
rElec    .         Harm     .   (no cloak)
rCorr    .         Rampage  .   (no gloves)
Will     .....                  (no boots)
Stlth    ..........             (no amulet)
HPRegen  0.09/turn              (no ring)
MPRegen  0.08/turn              (no ring)

@: no status effects
A: permanent stasis, dig shafts and tunnels, antennae 3, four strong arms
a: Dig, Shaft Self


You were on level 2 of the Dungeon.
You visited 1 branch of the dungeon, and saw 2 of its levels.

You collected 44 gold pieces.

Inventory:

Hand Weapons
 a - a +0 war axe (weapon)
Missiles
 h - 6 stones
Armour
 b - a +0 scale mail (worn)
 c - a +0 kite shield (worn)
Scrolls
 f - 2 scrolls of identify {unknown}
 g - a scroll of acquirement {unknown}
Potions
 d - a potion of might
 e - a potion of degeneration {unknown}
 i - a potion of ambrosia {unknown}
 j - a potion of brilliance {unknown}


   Skills:
 - Level 3.2 Fighting
 - Level 2.0 Axes
 - Level 3.2 Armour
 + Level 5.2 Shields


You had 2 spell levels left.
You didn't know any spells.
Your spell library was empty.

Dungeon Overview and Level Annotations

Branches:
Dungeon (2/15)

Altars:

Shops:
D:1 ?*?(


Innate Abilities, Weirdness & Mutations

You cannot be hasted, slowed, berserked, paralysed or teleported.
You can dig through walls and to a lower floor.
You have a pair of large antennae on your head. (SInv)
Your four strong arms can wield two-handed weapons with a shield.


Message History

You are too injured to fight recklessly!
You are too injured to fight recklessly!
You are too injured to fight recklessly!
You are too injured to fight recklessly!
You are too injured to fight recklessly!
You are too injured to fight recklessly!
You are too injured to fight recklessly!
You are too injured to fight recklessly!
You are too injured to fight recklessly!
You are too injured to fight recklessly!
You are too injured to fight recklessly!
You are too injured to fight recklessly!
You are too injured to fight recklessly!
You are too injured to fight recklessly!
You barely miss the gnoll.
The gnoll is severely wounded.
You block the gnoll's attack. The gnoll hits you but does no damage.
Unknown command.
You hit the gnoll.
The gnoll is severely wounded.
You hit the gnoll. You block the gnoll's attack. x2
You hit the gnoll.
The gnoll is almost dead.
You hit the gnoll but do no damage. The gnoll hits you with a +0 flail.
* * * LOW HITPOINT WARNING * * *
You block the gnoll's attack. The gnoll closely misses you.
You block the gnoll's attack.
Unknown command.
Your scale mail prevents you from hitting the gnoll.
The gnoll is almost dead.
You hit the gnoll. The gnoll hits you with a +0 flail.
* * * LOW HITPOINT WARNING * * *
The gnoll closely misses you.
Your scale mail prevents you from hitting the gnoll.
The gnoll is almost dead.
You barely miss the gnoll. You block the gnoll's attack. x2
The gnoll hits you with a +0 flail.
* * * LOW HITPOINT WARNING * * *
The gnoll hits you with a +0 club.
You die...

##########
####.........
#........# ####
#.##.#.#.##....#
##.##.#[.........
###...#.###.##{##.#
##.......# #.#
#.#......# #g#
##......## #@#
#.#...## #g#
#.##.######g# {
#.##........#
#....<.......
#.########.## #.#
#. #.# #. #.#


You could see 3 gnolls.

Vanquished Creatures
  A dart slug (D:1)
  5 bats (D:1)
  3 endoplasms (D:1)
  2 giant cockroaches (D:1)
  A hobgoblin (D:1)
  2 quokkas (D:1)
  6 ball pythons (D:1)
  2 frilled lizards (D:1)
  2 goblins (D:1)
  5 kobolds (D:1)
  A rat (D:1)
30 creatures vanquished.

Notes
Turn   | Place    | Note
-------+----------+-------------------------------------------
     0 | D:1      | Descartes the Formicid Fighter began the quest for the Orb.
     0 | D:1      | Reached XP level 1. HP: 18/18 MP: 1/1
    46 | D:1      | Reached skill level 4 in Shields
    57 | D:1      | Reached XP level 2. HP: 18/24 MP: 2/2
   139 | D:1      | Found Zuesaax's Antique Weapon Shoppe.
   365 | D:1      | Reached XP level 3. HP: 23/29 MP: 3/3
   463 | D:1      | Found Deow's Assorted Antiques.
   481 | D:1      | Reached skill level 5 in Shields
   664 | D:1      | Found Zatudim's Magic Scroll Boutique.
   812 | D:1      | Found Xotem's Magic Scroll Emporium.
  1068 | D:2      | Slain by a gnoll

Illustrated notes

Levels and vault maps discovered:
D:1:      nicolae_arrival_washed_ashore, layout_loops_cross, serial_shops,
          nicolae_shop_overgrown_old_shop, nicolae_shop_behind_doors,
          nicolae_shop_behind_doors, nicolae_diamond_shop, dk_noncrumbling_2
D:2:      layout_loops_ring, hellmonk_ecumenical_altar_crossroads

Skill      XL: |  1  2  3 |
---------------+----------+-----
Shields        | 4 5 |  5.2
Fighting       | |  3.2
Axes           | |  2.0
Armour         | |  3.2

Action                   || total
-------------------------++-------
Melee: War axe           ||   102
Armor: Scale mail        ||    56
Dodge: Dodged            ||    45
Block: Kite shield       ||    80
